 Dungeon Crawl Stone Soup version 0.18-a0-1347-gb9e2fb4 (webtiles) character file.

5409 Duffy the Grappler (level 10, -5/88 HPs)
             Began as a Troll Fighter on Feb 17, 2016.
             Was a High Priest of Cheibriados.
             Slain by a death knight
             ... wielding a +3 battleaxe
              (37 damage)
             ... on level 9 of the Dungeon.
             The game lasted 00:09:12 (6602 turns).

Duffy the Grappler (Troll Fighter)                  Turns: 6602, Time: 00:09:12

Health: -5/88      AC:  6    Str: 40    XL:     10   Next: 40%
Magic:  13/13      EV:  9    Int: 21    God:    Cheibriados [*****.]
Gold:   615        SH: 11    Dex: 23    Spells: 0 memorised, 9 levels left

rFire  . . .     SeeInvis .       - Unarmed
rCold  . . .     Gourm    +     a - +0 robe
rNeg   . . .     Faith    .     b - +0 shield
rPois  .         Spirit   .     (helmet restricted)
rElec  .         Dismiss  .     j - +0 cloak
rCorr  .         Reflect  .     (gloves unavailable)
SustAt .         Harm     .     (boots unavailable)
MR     +....                    P - amulet of regeneration
Stlth  ++........               F - ring of protection from magic
                                O - +3 ring of intelligence

@: very slow, somewhat resistant to hostile enchantments, unstealthy
A: unfitting armour, claws 3, fast metabolism 3, gourmand, regeneration 2,
shaggy fur 1, tough skin 2
a: Bend Time, Temporal Distortion, Slouch, Step From Time, Renounce Religion


You were on level 9 of the Dungeon.
You worshipped Cheibriados.
Cheibriados was extremely pleased with you.
You were completely stuffed.

You visited 2 branches of the dungeon, and saw 10 of its levels.

You collected 615 gold pieces.


Innate Abilities, Weirdness & Mutations

You are too large for most types of armour.
You have claws for hands.
Your metabolism is lightning-fast.
You like to eat raw meat.
You heal very quickly.
You are covered in fur (AC +1).
You have very tough skin (AC +2).


   Skills:
 - Level 2.4 Fighting
 - Level 2.4 Dodging
 - Level 2.4 Shields
 + Level 13.7 Unarmed Combat
 + Level 5.7 Invocations


You had 9 spell levels left.
You didn't know any spells.

Inventory:

Missiles
 l - 32 poisoned needles
 A - 7 tomahawks (quivered)
 D - 3 javelins
Armour
 a - a +0 robe (worn)
 b - a +0 shield (worn)
 j - a +0 cloak (worn)
Jewellery
 y - an uncursed ring of wizardry
 F - a ring of protection from magic (right claw)
 I - an uncursed amulet of guardian spirit
 O - a +3 ring of intelligence (left claw)
 P - an amulet of regeneration (around neck)
Wands
 m - a wand of iceblast (11/15)
 v - a wand of polymorph (9/24)
 J - a wand of polymorph (8/24)
 M - a wand of iceblast (9/15)
Scrolls
 e - 7 scrolls of identify {unknown}
 h - 2 scrolls of blinking {unknown}
 p - 8 scrolls of remove curse {unknown}
 q - 3 scrolls of teleportation {unknown}
 r - 3 scrolls of enchant weapon {unknown}
 t - a scroll of noise {unknown}
 C - a scroll of recharging {unknown}
 G - a scroll of enchant armour {unknown}
 K - 2 scrolls of immolation {unknown}
 N - a scroll of silence {unknown}
 Q - a scroll of amnesia {unknown}
Potions
 c - 2 potions of might
 i - 3 potions of curing {unknown}
 o - a potion of cure mutation {unknown}
 s - 2 potions of ambrosia {unknown}
 u - 2 potions of heal wounds {unknown}
 w - a potion of degeneration {unknown}
 x - 2 potions of resistance {unknown}
 z - a potion of agility {unknown}
 E - a potion of cancellation {unknown}
 H - 2 potions of haste {unknown}
 L - 3 potions of lignification {unknown}
Books
 B - a book of Callings
Comestibles
 d - 8 bread rations
 f - 9 fruits
 g - 6 meat rations
 k - 2 slices of pizza
 n - 2 beef jerkies
 S - a royal jelly

Dungeon Overview and Level Annotations

Branches:
Dungeon (9/15)             Temple (1/1) D:6
   Lair: D:8-11         Orc: D:9-12

Altars:
Ashenzari
Cheibriados
Dithmenos
Elyvilon
Fedhas
Gozag
Kikubaaqudgha
Makhleb
Nemelex Xobeh
Okawaru
Pakellas
Qazlal
Ru
Sif Muna
Trog
Vehumet
Xom
Yredelemnul
Zin
The Shining One


Message History

There is a huge open gate here.
You now have 587 gold pieces (gained 6).
h - 2 scrolls labeled RABIKY SUAXAC (gained 1)
You now have 615 gold pieces (gained 28).
You see here 4 needles of sleeping.
Eating one of 4 chunks of flesh.
This raw flesh tastes great.
You continue eating. x2
There is a huge open gate here.
Found a stone staircase leading down.
You open the door.
There is an open door here.
As you open the door, it creaks loudly!
There is an open door here.
There is an open door here.
There is an open door here.
All of the chunks of flesh in your inventory have rotted away.
A death knight comes into view. It is wielding an enchanted battleaxe.
The death knight shouts!
The death knight invokes the aid of Yredelemnul against you.
Your body is wracked with pain!
You claw the death knight!
The death knight is lightly wounded.
You block the death knight's attack.
You claw the death knight!
The death knight is moderately wounded.
You scratch the death knight.
The death knight is moderately wounded.
The death knight hits you with an enchanted battleaxe!!
You are too injured to fight recklessly!
You are too injured to fight recklessly!
You are too injured to fight recklessly!
You mangle the death knight!!
The death knight is almost dead.
The death knight hits you with an enchanted battleaxe!!!
You die...

## ###.###### .# #........#
########## .# #........#
#........# .# #........#
#......<.# .# #........#
#........# .### #........#
#........# ...###........#
#........#
.#...#.<......#####........#
.###............@p.))......# .#
###........#####........# .#
#........# #........# ##
#........# #........# #####.####
#####.#### #### #.## #...# #... #
#..# ######'####.## #
#########.########.........#.#.
###..........##....'.....>...#.#.


You could see a death knight.

Action                   |  1- 3 |  4- 6 |  7- 9 | 10-12 || total
-------------------------+-------+-------+-------+-------++-------
Melee: Unarmed           |    87 |   158 |   211 |    85 ||   541
 Stab: Sleeping          |       |       |     3 |       ||     3
  Eat: Chunk             |    15 |    13 |    18 |     6 ||    52

Notes
Turn   | Place    | Note
--------------------------------------------------------------
     0 | D:1      | Duffy the Troll Fighter began the quest for the Orb.
     0 | D:1      | Reached XP level 1. HP: 22/22 MP: 0/0
   123 | D:1      | Reached XP level 2. HP: 27/29 MP: 1/1
   212 | D:1      | Reached skill level 3 in Unarmed Combat
   493 | D:2      | Reached XP level 3. HP: 34/36 MP: 2/2
   685 | D:2      | Found a sparkling altar of Nemelex Xobeh.
   685 | D:2      | Found a snail-covered altar of Cheibriados.
   692 | D:2      | Became a worshipper of Cheibriados the Contemplative
   987 | D:2      | Reached skill level 4 in Unarmed Combat
  1130 | D:2      | Found a burning altar of Makhleb.
  1135 | D:2      | Reached XP level 4. HP: 34/44 MP: 3/3
  1437 | D:3      | Reached skill level 5 in Unarmed Combat
  1509 | D:3      | Reached * piety under Cheibriados
  1997 | D:4      | Reached XP level 5. HP: 50/50 MP: 4/4
  2352 | D:4      | Reached skill level 6 in Unarmed Combat
  2377 | D:4      | Noticed a hippogriff
  2390 | D:4      | Killed a hippogriff
  2390 | D:4      | Reached XP level 6. HP: 42/59 MP: 5/5
  2500 | D:4      | Reached skill level 7 in Unarmed Combat
  2666 | D:5      | Entered Level 5 of the Dungeon
  2674 | D:5      | Reached ** piety under Cheibriados
  2685 | D:5      | Noticed Uberwunderbarhen's ghost (novice OpTm)
  2696 | D:5      | Killed Uberwunderbarhen's ghost
  2696 | D:5      | Reached skill level 9 in Unarmed Combat
  2696 | D:5      | Reached XP level 7. HP: 44/66 MP: 6/6
  2774 | D:5      | Noticed Pikel
  2790 | D:5      | Killed Pikel
  2790 | D:5      | Reached skill level 10 in Unarmed Combat
  2790 | D:5      | Reached XP level 8. HP: 45/74 MP: 7/7
  2940 | D:5      | Found a bloodstained altar of Trog.
  2944 | D:5      | Noticed Grinder
  2949 | D:5      | Killed Blork the orc
  2967 | D:5      | Paralysed by Grinder for 5 turns
  2977 | D:5      | Killed Grinder
  3052 | D:5      | Reached skill level 11 in Unarmed Combat
  3425 | D:6      | Reached *** piety under Cheibriados
  3468 | D:6      | Reached XP level 9. HP: 63/80 MP: 8/8
  3725 | D:6      | Reached skill level 12 in Unarmed Combat
  3999 | D:6      | Found a staircase to the Ecumenical Temple.
  4005 | Temple   | Entered the Ecumenical Temple
  4588 | D:7      | Reached **** piety under Cheibriados
  5341 | D:8      | Reached skill level 1 in Invocations
  5477 | D:8      | Noticed Duffy's ghost (novice FoFi)
  5482 | D:8      | Killed Duffy's ghost
  5482 | D:8      | Reached skill level 13 in Unarmed Combat
  5482 | D:8      | Reached skill level 3 in Invocations
  5652 | D:8      | Reached skill level 4 in Invocations
  5727 | D:8      | Reached XP level 10. HP: 80/88 MP: 12/12
  5739 | D:8      | Reached ***** piety under Cheibriados
  6162 | D:9      | Found a shimmering altar of Xom.
  6302 | D:9      | Reached skill level 5 in Invocations
  6394 | D:9      | Found an ancient bone altar of Kikubaaqudgha.
  6586 | D:9      | Noticed a death knight
  6602 | D:9      | Slain by a death knight

Vault maps used:
D:1:      saegor_arrival_simple_a, serial_bayou_crossing
D:2:      makhleb_blood_cavern_becter, gammafunk_temple_overflow_pools,
          first_bread
D:5:      basic_altar, uniq_blork_the_orc, uniq_pikel, uniq_grinder
D:6:      kennysheep_big_flooded_room, minmay_temple_entry_enclosed_plants
D:8:      the_bakery
D:9:      lemuel_zombie_altar_kikubaaqudgha, erik_lair_dragon,
          hangedman_weighted_door, lemuel_tele_altar
Temple:   nicolae_temple_the_god_donut

Vanquished Creatures
  The ghost of Duffy the Cleaver, a novice FoFi of Cheibriados Pikel
  The ghost of Uberwunderbarhen the Insei, a novice OpTm of Makhleb Grinder
  5 yaks
  2 hippogriffs
  2 water moccasins
  2 orc warriors
  An ice beast
  3 ogres
  A phantom
  2 centaurs
  4 giant frogs Blork the orc
  A wyvern zombie
  A water moccasin zombie
  A wyvern skeleton
  2 crimson imps
  A centaur zombie
  2 jellies
  A quasit
  5 giant frog zombies
  2 hounds
  4 orc priests
  10 orc wizards
  3 giant frog skeletons
  2 iguanas
  6 worker ants
  A centaur simulacrum
  A hound zombie
  A hound skeleton
  3 worker ant zombies
  14 adders
  6 worms
  6 giant geckos
  46 orcs
  2 bats
  7 giant cockroaches
  6 goblins
  9 hobgoblins
  4 quokkas
  3 giant newts
  A jackal skeleton
  6 kobolds
  A quokka skeleton
  2 rats
  A rat zombie
188 creatures vanquished.
